Map: Rhoskallian LE

Players

Massa - Winner!

  • Race: Terran Terran
  • League: Platinum
  • Spawn Location: 12:00

qqq - Winner!

  • Race: Zerg Zerg
  • Spawn Location: 11:00

Dionis

  • Race: Zerg Zerg
  • Spawn Location: 6:00

watsup

  • Race: Terran Terran
  • Spawn Location: 5:00

VOD

Have the link to the VOD?

Description

Time

  • Played on: Oct. 4, 2020, 9:11 a.m.
  • Length: 16:54
Show
View Real Time Build Order
Export as new Build Order

Massa Terran - Winner!

Build Orders: Gas First Reaper Expand 

Get SALT Encoding   

  12  0:00  SCV  
  13  0:13  SCV  
  14  0:24  Supply Depot  
  14  0:25  SCV  
  15  0:31  Refinery  
  15  0:45  SCV  
  15  0:47  Barracks  
  16  0:57  SCV  
  16  1:03  Supply Depot  
  17  1:09  SCV  
  18  1:21  SCV  
  19  1:25  Supply Depot  
  19  1:34  Reaper  
  19  1:35  Orbital Command  
  20  2:02  SCV  
  20  2:08  Command Center  
  21  2:12  Marine  
  22  2:21  SCV  
  23  2:34  Factory  
  23  2:35  Barracks Reactor  
  23  2:51  SCV  
  23  3:14  Supply Depot  
  23  3:15  Barracks, Supply Depot  
  23  3:16  Supply Depot  
  23  3:21  Hellion  
  23  3:22  Marine x2  
  23  3:26  Orbital Command  
  24  3:51  SCV  
  24  3:52  SCV  
  26  3:56  Marine x2  
  26  3:58  Factory Tech Lab  
  28  4:04  SCV x2  
  28  4:05  Engineering Bay  
  30  4:16  SCV x2  
  32  4:18  Siege Tank  
  32  4:21  Barracks Tech Lab  
  35  4:36  Refinery  
  35  4:38  Starport  
  35  4:40  SCV x2  
  35  4:44  Marine x2  
  39  4:47  Stimpack  
  39  4:48  Marauder  
  39  4:52  SCV  
  42  5:01  Hellion, Marine  
  42  5:02  Marine  
  46  5:18  SCV x2  
  46  5:19  Refinery  
  48  5:22  Siege Tank  
  51  5:30  Viking  
  51  5:31  Command Center  
  53  5:49  SCV  
  55  5:50  SCV  
  55  5:58  Missile Turret  
  55  6:00  Medivac, Missile Turret  
  55  6:01  SCV  
  58  6:13  Siege Tank  
  58  6:14  Marine x2  
  58  6:16  Marauder  
  65  6:23  Refinery, SCV x2  
  67  6:26  Combat Shield  
  67  6:32  Marine x2  
  69  6:35  SCV  
  69  6:36  SCV  
  71  6:48  SCV x2  
  71  6:52  Marine x2  
  75  6:54  Siege Tank  
  78  7:10  Marine x2  
  80  7:25  Marauder  
  80  7:27  Marine, Siege Tank  
  80  7:28  Marine  
  87  7:34  Terran Infantry Weapons Level 1  
  87  7:35  Armory  
  87  7:39  Engineering Bay  
  87  7:44  Missile Turret  
  87  7:47  Marauder, Missile Turret  
  79  8:06  Marine  
  79  8:07  Marine  
  79  8:08  Marauder  
  79  8:12  Barracks, Planetary Fortress  
  83  8:13  SCV  
  83  8:14  SCV  
  85  8:24  Marine x2  
  85  8:26  SCV x2  
  89  8:29  Marauder  
  91  8:38  SCV x2  
  93  8:46  Supply Depot  
  93  8:48  Missile Turret  
  93  8:49  Missile Turret, Supply Depot  
  93  8:50  Terran Infantry Armor Level 1  
  93  8:59  Missile Turret  
  93  9:02  Barracks Reactor, Supply Depot  
  93  9:07  Marine x2  
  93  9:08  Widow Mine, SCV x2, Marauder  
  93  9:09  Missile Turret  
  99  9:12  Missile Turret  
  99  9:25  Marine x2  
  99  9:29  Marauder, Siege Tank  
  106  9:32  Missile Turret  
  106  9:43  Marine x4  
  109  9:51  Marauder  
  103  10:01  Marine x4, Medivac  
  109  10:12  Marauder  
  102  10:19  Marine x4  
  106  10:31  Medivac  
  106  10:33  Marauder  
  110  10:36  Marine x2  
  106  10:54  Marine x4  
  106  10:55  Marauder  
  112  11:01  Medivac  
  111  11:12  Marine x4  
  111  11:16  Marauder  
  111  11:18  Command Center  
  117  11:25  Supply Depot  
  117  11:26  Supply Depot x2  
  117  11:27  Supply Depot  
  117  11:33  Command Center  
  117  11:47  SCV x3, Marauder, Marine x3  
  117  11:48  Marine, Thor  
  117  11:49  Supply Depot  
  117  11:52  Terran Infantry Armor Level 2  
  117  11:53  Terran Infantry Weapons Level 2  
  132  11:54  Terran Vehicle Weapons Level 1  
  132  11:59  SCV x3  
  135  12:05  Marine x4  
  139  12:09  Marauder  
  139  12:11  SCV x3  
  144  12:21  Starport Tech Lab  
  145  12:30  SCV x3, Marine, Supply Depot  
  145  12:31  Supply Depot  
  145  12:36  Planetary Fortress  
  148  12:45  SCV x3, Planetary Fortress  
  151  12:55  Refinery x2  
  151  12:59  Sensor Tower  
  151  13:05  Marauder, Marine x4  
  157  13:16  Supply Depot  
  157  13:18  Supply Depot  
  157  13:21  Banshee  
  157  13:22  Marine  
  157  13:23  Marine x3  
  157  13:26  Marauder  
  166  13:40  Marine  
  166  13:41  SCV, Marine x3  
  168  13:42  Supply Depot x2  
  168  13:45  Cloaking Field  
  168  13:47  Marauder  
  173  13:49  Terran Vehicle And Ship Armor Level 1  
  173  13:54  SCV, Armory  
  174  13:58  Starport, Marine  
  174  13:59  Starport, Marine x3  
  178  14:04  Banshee  
  178  14:06  SCV  
  178  14:07  Supply Depot x2  
  178  14:09  Marauder  
  183  14:18  SCV  
  183  14:30  SCV, Marine, Supply Depot  
  185  14:40  Thor  
  185  14:42  Marine x3  
  185  14:43  Marine  
  195  14:48  Starport Tech Lab x2, Marauder  
  195  15:09  Marauder  
  197  15:21  Banshee  
Show
View Real Time Build Order
Export as new Build Order

qqq Zerg - Winner!

Build Orders: Hatch First, Swarm Host 

Get SALT Encoding   

  12  0:00  Drone  
  13  0:08  Drone  
  14  0:40  Hatchery, Drone  
  14  0:57  Spawning Pool  
  14  1:04  Overlord  
  13  1:07  Drone  
  13  1:10  Extractor  
  13  1:13  Drone  
  14  1:22  Drone  
  15  1:28  Drone  
  16  1:37  Drone  
  17  1:49  Drone  
  18  1:55  Queen  
  21  2:08  Drone x2  
  21  2:11  Drone x2  
  24  2:34  Drone x2  
  24  2:35  Zergling x4  
  27  2:46  Overlord  
  27  2:47  Drone  
  27  2:50  Metabolic Boost  
  28  2:55  Lair  
  28  3:03  Queen  
  28  3:04  Zergling x2  
  28  3:05  Zergling x4  
  33  3:12  Zergling x4  
  35  3:26  Zergling x2  
  35  3:38  Zergling x4  
  36  3:41  Overlord x2  
  36  3:42  Overlord x2  
  36  4:04  Drone x2, Spire  
  37  4:13  Drone  
  37  4:14  Drone x2  
  40  4:26  Drone x2  
  40  4:27  Drone  
  40  4:29  Extractor  
  40  4:30  Drone x3  
  45  4:36  Drone  
  46  4:38  Extractor  
  46  4:40  Extractor  
  44  4:47  Drone x2  
  44  4:48  Drone  
  47  4:56  Drone x3  
  47  4:57  Hatchery  
  49  5:01  Drone  
  49  5:02  Drone x3  
  53  5:13  Drone  
  54  5:18  Mutalisk x2  
  58  5:22  Zerg Flyer Weapons Level 1  
  58  5:30  Mutalisk  
  60  5:36  Drone x2  
  60  5:37  Mutalisk  
  64  5:46  Queen  
  64  5:47  Mutalisk  
  68  5:57  Overlord  
  68  5:58  Overlord x4  
  68  6:09  Mutalisk x2  
  68  6:11  Overlord x2  
  72  6:12  Drone  
  65  6:33  Mutalisk  
  65  6:34  Mutalisk x2  
  65  6:36  Drone x2  
  71  6:51  Mutalisk x2  
  75  6:59  Drone x2  
  75  7:08  Queen  
  77  7:18  Drone x2  
  77  7:30  Mutalisk x4  
  77  7:32  Drone, Spine Crawler, Hatchery  
  84  7:42  Infestation Pit  
  84  7:43  Drone  
  84  7:48  Hatchery  
  81  8:05  Zerg Flyer Armor Level 1  
  81  8:06  Mutalisk  
  83  8:12  Hydralisk Den  
  83  8:14  Drone x3  
  83  8:18  Extractor  
  83  8:19  Extractor, Drone x2  
  86  8:20  Drone, Mutalisk, Overlord  
  86  8:26  Mutalisk  
  90  8:28  Zergling x14  
  90  8:29  Zergling x6  
  100  8:40  Drone  
  101  8:43  Hydralisk x3  
  107  8:57  Drone x6  
  107  8:58  Hydralisk  
  107  8:59  Swarm Host x2  
  121  9:07  Drone x3  
  120  9:11  Mutalisk  
  120  9:16  Drone x4  
  114  9:22  Mutalisk  
  114  9:23  Drone  
  114  9:24  Drone x2, Zergling x2  
  115  9:25  Zergling x8  
  115  9:29  Drone  
  115  9:31  Queen, Spore Crawler  
  122  9:41  Hydralisk x2  
  122  9:43  Nydus Network  
  122  9:44  Zergling x6  
  122  9:45  Drone x6  
  134  9:55  Drone x2  
  134  9:57  Mutalisk  
  134  9:58  Hydralisk  
  140  10:04  Zerg Flyer Weapons Level 2  
  140  10:08  Drone x2  
  140  10:09  Drone x2  
  123  10:28  Swarm Host x5  
  133  10:41  Nydus Canal  
  133  10:42  Hydralisk, Swarm Host  
  135  10:44  Drone  
  135  10:45  Drone x2  
  135  10:46  Spore Crawler  
  135  10:47  Spore Crawler  
  139  10:50  Spore Crawler  
  139  10:51  Spore Crawler  
  139  10:52  Drone x2  
  139  10:53  Drone x2  
  139  10:56  Overlord x6  
  139  10:57  Overlord x8  
  141  10:58  Overlord x3  
  141  11:13  Muscular Augments  
  141  11:16  Evolution Chamber  
  141  11:17  Evolution Chamber  
  139  11:23  Spore Crawler x2  
  139  11:25  Spore Crawler  
  136  11:26  Swarm Host  
  136  11:27  Swarm Host x6  
  136  11:28  Swarm Host  
  136  11:29  Spore Crawler  
  136  11:31  Drone x6  
  136  11:32  Drone x3  
  168  11:35  Extractor x2  
  168  11:37  Extractor  
  168  11:38  Spine Crawler  
  168  11:39  Extractor  
  163  11:47  Hydralisk x3  
  163  11:48  Hydralisk x3  
  171  12:15  Swarm Host  
  171  12:16  Hydralisk x6, Swarm Host  
  171  12:18  Drone x5  
  171  12:19  Drone  
  195  12:24  Grooved Spines  
  195  12:38  Hydralisk x2  
  195  12:39  Drone  
  195  12:42  Zerg Missile Weapons Level 1  
  195  12:43  Zerg Ground Armor Level 1  
  200  13:10  Overlord  
  186  13:25  Hydralisk x2  
  186  13:26  Hydralisk x4  
  192  13:29  Nydus Canal  
  192  13:31  Drone x4  
  196  13:52  Nydus Canal  
  196  14:01  Hatchery  
  196  14:02  Spore Crawler  
  189  14:04  Drone x2  
  189  14:05  Spine Crawler, Spore Crawler  
  189  14:09  Hatchery  
  186  14:44  Nydus Canal  
  186  14:49  Hydralisk x5  
  186  14:50  Hydralisk x2  
  200  14:54  Zerg Melee Weapons Level 1  
  200  14:57  Hive  
  198  15:17  Nydus Canal  
  198  15:25  Spine Crawler  
  197  15:49  Hydralisk  
  199  15:58  Nydus Canal  
  199  16:18  Nydus Canal  
  199  16:37  Ultralisk Cavern  
Show
View Real Time Build Order
Export as new Build Order

Dionis Zerg 

Build Orders: Hatch First 

Get SALT Encoding   

  12  0:03  Drone  
  13  0:23  Overlord  
  13  0:44  Hatchery  
  13  0:46  Drone  
  13  0:50  Drone  
  14  1:01  Extractor  
  13  1:10  Spawning Pool  
  12  1:13  Drone  
  12  1:16  Drone  
  14  1:27  Drone x2  
  16  1:38  Drone  
  17  1:46  Drone  
  18  1:57  Zergling x2  
  18  1:58  Queen  
  21  2:02  Zergling x2  
  22  2:10  Drone  
  23  2:18  Zergling x2  
  23  2:19  Zergling x2  
  23  2:22  Metabolic Boost  
  25  2:25  Zergling x2  
  26  2:36  Queen  
  28  2:53  Lair  
  28  2:56  Extractor  
  28  2:57  Drone  
  28  3:17  Overlord  
  25  3:49  Drone x6  
  25  3:53  Drone x5  
  36  3:57  Overlord  
  36  4:12  Extractor  
  36  4:13  Drone  
  36  4:14  Overlord  
  36  4:17  Hatchery  
  35  4:30  Spire  
  32  4:35  Zergling x6  
  35  4:41  Zergling x6  
  35  4:42  Zergling x6  
  41  4:49  Extractor  
  40  4:59  Drone  
  41  5:06  Drone  
  42  5:07  Drone x3  
  42  5:10  Drone  
  42  5:11  Drone x2  
  48  5:16  Drone  
  49  5:25  Drone x2  
  49  5:27  Drone  
  52  5:33  Drone x3  
  55  5:37  Drone  
  55  5:42  Queen  
  56  5:46  Overlord x2  
  58  6:03  Overlord  
  58  6:10  Zerg Flyer Weapons Level 1  
  58  6:16  Spore Crawler  
  57  6:20  Mutalisk x2  
  57  6:21  Mutalisk  
  58  6:33  Mutalisk x2  
  58  6:34  Mutalisk x2  
  58  6:37  Overlord  
  58  6:38  Overlord  
  66  6:53  Hatchery  
  57  7:10  Mutalisk x2  
  57  7:11  Mutalisk x6  
  69  7:26  Spore Crawler  
  69  7:28  Spore Crawler  
  69  7:29  Drone x3  
  71  7:30  Drone x2  
  72  7:49  Mutalisk x4  
  72  7:50  Mutalisk  
  76  8:09  Mutalisk x2  
  76  8:10  Spore Crawler  
  76  8:12  Queen  
  81  8:13  Drone  
  82  8:40  Drone x3  
  85  8:42  Extractor  
  85  8:43  Spine Crawler  
  85  8:45  Drone  
  85  8:47  Drone x6, Extractor  
  89  8:56  Zerg Flyer Armor Level 1  
  89  9:00  Spire  
  88  9:07  Mutalisk x2  
  72  9:21  Mutalisk x3  
  68  9:25  Zergling x2  
  68  9:26  Zergling x12  
  73  9:44  Spore Crawler  
  69  9:48  Spore Crawler  
  51  10:01  Mutalisk x4  
  51  10:02  Mutalisk  
  51  10:05  Zergling x2  
  60  10:16  Mutalisk x2  
  64  10:23  Spore Crawler  
  62  10:42  Mutalisk x2  
  60  10:43  Mutalisk  
  60  10:45  Zergling x6  
  69  11:15  Hatchery  
  68  11:26  Baneling Nest  
  68  11:31  Zerg Flyer Weapons Level 2  
  65  11:46  Overseer x2  
  65  11:49  Mutalisk x3  
  65  11:52  Mutalisk  
  73  11:56  Zergling x6  
  73  12:22  Zergling x4  
  75  12:23  Zergling x6  
  75  12:26  Zergling x2  
  75  12:27  Zergling x8  
  83  12:41  Queen  
  83  12:42  Extractor, Drone x2  
  86  13:02  Infestation Pit  
  42  13:33  Queen  
  42  13:34  Drone x5  
  46  13:39  Drone  
  48  14:15  Drone x3  
  49  14:47  Drone x6  
  49  14:52  Mutalisk x5  
  57  14:55  Mutalisk  
  57  14:56  Mutalisk x4  
  75  15:12  Mutalisk x2  
  74  15:28  Mutalisk  
  74  15:29  Mutalisk x6  
  74  15:32  Zergling x2  
  74  15:33  Zergling x2  
  33  16:31  Zergling x12  
  35  16:47  Hatchery  
Show
View Real Time Build Order
Export as new Build Order

watsup Terran 

Build Orders: 2 Factory, Mech 

Get SALT Encoding   

  12  0:00  SCV  
  13  0:19  SCV  
  14  0:21  Supply Depot  
  14  0:27  Refinery  
  14  0:32  SCV  
  15  0:47  Barracks  
  15  0:49  SCV  
  16  1:01  SCV  
  17  1:06  Refinery  
  17  1:13  SCV  
  18  1:25  SCV  
  19  1:37  Factory  
  19  1:42  SCV  
  20  1:56  SCV  
  21  2:04  Command Center  
  21  2:09  SCV  
  22  2:41  Factory Tech Lab  
  22  2:42  Barracks Tech Lab  
  22  2:47  Factory  
  22  2:50  SCV  
  23  3:06  Mag-Field Accelerator  
  23  3:07  Bunker  
  23  3:16  SCV  
  24  3:32  SCV, Factory  
  25  3:34  Factory Reactor  
  25  3:43  Supply Depot  
  25  3:45  SCV  
  27  3:49  Orbital Command  
  27  3:54  Siege Tank  
  29  3:57  SCV  
  29  3:59  Marauder  
  32  4:09  SCV  
  33  4:18  Factory Tech Lab  
  33  4:20  Supply Depot  
  33  4:21  Widow Mine  
  33  4:22  Widow Mine  
  33  4:23  SCV  
  38  4:28  Engineering Bay  
  40  4:38  Marauder  
  40  4:43  Siege Tank  
  43  4:49  Supply Depot  
  43  5:03  SCV  
  43  5:04  SCV  
  45  5:15  Refinery  
  45  5:16  SCV x2  
  45  5:18  Missile Turret  
  47  5:27  Siege Tank  
  47  5:28  SCV  
  52  5:29  Widow Mine  
  54  5:37  Orbital Command  
  54  5:40  SCV  
  50  6:35  Cyclone x2  
  50  6:37  SCV  
  57  6:47  Missile Turret  
  57  6:49  SCV  
  57  6:54  Missile Turret  
  56  6:55  SCV  
  56  7:01  SCV  
  58  7:07  Refinery, Cyclone, Missile Turret  
  58  7:08  SCV  
  62  7:16  Missile Turret  
  62  7:19  Supply Depot  
  62  7:28  Armory, Factory  
  62  7:29  Command Center  
  62  7:30  Missile Turret  
  62  7:41  SCV x2, Cyclone x2  
  70  8:15  Factory Tech Lab, Factory  
  70  8:26  Supply Depot  
  70  8:28  Supply Depot  
  70  8:41  Cyclone x2  
  76  8:47  Missile Turret  
  76  8:48  Planetary Fortress  
  76  9:08  Missile Turret  
  64  9:13  Cyclone x2  
  67  9:26  Siege Tank  
  67  9:28  Widow Mine x2  
  67  9:29  SCV, Missile Turret  
  75  9:42  SCV  
  75  9:45  Siege Tank x2  
  82  9:50  Widow Mine x2, Missile Turret  
  86  9:58  Siege Tank  
  89  10:11  Widow Mine x2  
  77  10:17  Widow Mine, Siege Tank  
  81  10:24  SCV  
  82  10:36  SCV  
  83  10:48  SCV  
  81  11:05  Terran Vehicle Weapons Level 1  
  81  11:08  Factory Tech Lab  
  81  11:09  Armory  
  81  11:13  Siege Tank  
  81  11:14  Siege Tank x2  
  81  11:16  Widow Mine  
  92  11:26  Missile Turret  
  92  11:34  Refinery  
  92  11:35  Refinery  
  92  11:45  Siege Tank  
  92  11:46  Siege Tank x2  
  98  13:19  Supply Depot  
  98  13:21  SCV, Siege Tank  
  98  13:24  Siege Tank x2  
  108  13:42  Supply Depot  
  108  14:07  Supply Depot  
  108  14:09  Cyclone x4  
  91  14:41  Cyclone x3  
  91  14:42  Cyclone  
  100  15:13  Cyclone x3  
  100  15:14  Cyclone  
  99  15:28  Widow Mine x2  
  99  15:45  Cyclone x2  
  99  15:46  Cyclone x2  
  115  15:50  Widow Mine x2  
  109  16:06  Command Center  
  113  16:11  Widow Mine x2  
  113  16:17  Cyclone  
  113  16:18  Widow Mine, Cyclone x2  
Tags
 
Add a new tag
Caveats
  • Supply blocks, unpowered buildings, or Contaminate may cause inaccurate times.
  • Supply counts are checked every 10 seconds.